 Dungeon Crawl Stone Soup version 0.32-a0-918-g0f22ef8d61 (webtiles) character file.

Game seed: 16860634334189637396

72 smashvw the Trooper (level 4, 0/40 HPs)
             Began as a Mountain Dwarf Fighter on Apr 11, 2024.
             Succumbed to a kobold's poison
             ... on level 2 of the Dungeon.
             The game lasted 00:02:36 (1233 turns).

smashvw the Trooper (Mountain Dwarf Fighter)        Turns: 1233, Time: 00:02:36

Health: 0/40       AC: 11    Str: 19 (20) XL:     4   Next: 7%
Magic:  4/4        EV:  4    Int:  8 (9)  God:
Gold:   80         SH:  4    Dex:  8 (9)  Spells: 3/3 levels left

rFire   . . .        a - +0 flail
rCold   . . .        c - +0 buckler
rNeg    . . .        f - +0 plate armour
rPois   .            (no helmet)
rElec   .            (no cloak)
rCorr   +            (no gloves)
SInv    .            (no boots)
Will    .....        (no amulet) Stlth
                     n - ring of resist corrosion
HPRegen 0.26/turn    (no ring)
MPRegen 0.09/turn

%: no passive effects
@: mighty, lethally poisoned (0 -> -14)
A: runic magic, artefact enchanting
a: no special abilities


You were on level 2 of the Dungeon.
You visited 1 branch of the dungeon, and saw 2 of its levels.

You collected 80 gold pieces.

Inventory:

Hand Weapons
 a - a +0 flail (weapon)
Armour
 b - a +0 scale mail
 c - a +0 buckler (worn)
 f - a +0 plate armour (worn)
Jewellery
 n - a ring of resist corrosion (left hand)
Scrolls
 e - 4 scrolls of identify {unknown}
 g - 2 scrolls of blinking {unknown}
 h - a scroll of fog {unknown}
 j - a scroll of teleportation {unknown}
 k - 2 scrolls of poison {unknown}
 l - a scroll of noise {unknown}
Potions
 d - a potion of might
 i - a potion of heal wounds {unknown}
 m - a potion of degeneration
 o - a potion of ambrosia {unknown}


   Skills:
 + Level 4.1 Fighting
 + Level 3.6 Maces & Flails
 - Level 3.2 Armour
 + Level 4.1 Shields


You had 3 spell levels left.
You didn't know any spells.
Your spell library contained the following spells:

 Spells                   Type           Power      Damage    Failure   Level
 Summon Forest            Summ/Tloc      0%         N/A       100%        5
 Eringya's Noxious Bog    Alch           0%         4d6       100%        6
 Summon Hydra             Summ           0%         N/A       100%        7


Dungeon Overview and Level Annotations

Branches:
Dungeon (2/15)

Altars:


Innate Abilities, Weirdness & Mutations

Your spellcasting is much less encumbered by armour.
You can use scrolls of enchantment on lesser artefacts.


Message History

You hit the ribbon worm.
The ribbon worm is heavily wounded.
You feel very sick. The bat hits you but does no damage.
You block the giant cockroach's attack. The kobold hits you but does no damage.
You are more poisoned.
You block the ribbon worm's attack. The giant cockroach barely misses you.
The kobold barely misses you.
You hit the ribbon worm.
The ribbon worm is severely wounded.
You feel very sick. The bat hits you but does no damage.
You block the giant cockroach's attack.
The ribbon worm expels a string of sticky webbing.
The stream of webbing hits you but does no damage.
You are caught in a web!
The kobold hits you but does no damage.
You are lethally poisoned!
You are too injured to fight recklessly!
Sorry, you're not good enough to have a special ability.
You feel very mighty all of a sudden.
* * * LOW HITPOINT WARNING * * *
You feel very sick. The bat hits you but does no damage.
The bat completely misses you.
The giant cockroach bites you but does no damage.
The kobold hits you with a +2 dagger of venom.
* * * LOW HITPOINT WARNING * * *
The ribbon worm expels a string of sticky webbing.
The stream of webbing hits you but does no damage.
You are even more entangled.
The giant cockroach bites you but does no damage.
The web tears apart.
* * * LOW HITPOINT WARNING * * *
You feel very sick. The bat hits you but does no damage. x2
The kobold hits you but does no damage. You block the giant cockroach's attack.
The ribbon worm bites you.
* * * LOW HITPOINT WARNING * * *
It was a potion of degeneration.
There was something very wrong with that liquid.
You feel weakened.
You feel dopey.
You feel clumsy.
You die...

### ##+#..
#....### +....+.#
#....#.#
#..Bb#.#######
#..K@#.......#
#...^w.#####.#
#......# #.####
#.>....# #....#
###############.#
###### #.......#
#....# #.#######
#....# #.#....#
####....#
#.##.#.#


You could see a ribbon worm, a giant cockroach, a bat and a kobold.

Vanquished Creatures
  Robin (D:2)
  2 dart slugs
  2 ribbon worms (D:2)
  4 ball pythons
  6 endoplasms
  4 giant cockroaches
  4 hobgoblins (D:2)
  2 quokkas (D:1)
  2 bats (D:2)
  2 frilled lizards (D:2)
  12 goblins
  3 kobolds
  3 rats
47 creatures vanquished.

Notes
Turn   | Place    | Note
-------+----------+-------------------------------------------
     0 | D:1      | smashvw the Mountain Dwarf Fighter began the quest for the
                  | Orb.
     0 | D:1      | Reached XP level 1. HP: 19/19 MP: 1/1
   213 | D:1      | Reached XP level 2. HP: 23/26 MP: 2/2
   620 | D:2      | Reached XP level 3. HP: 33/33 MP: 3/3
   932 | D:2      | Noticed Robin
   944 | D:2      | Killed Robin
   962 | D:2      | Reached XP level 4. HP: 22/40 MP: 4/4
  1233 | D:2      | Succumbed to a kobold's poison

Illustrated notes

Levels and vault maps discovered:
D:1:      minmay_arrival_radiant_lines, layout_rooms
D:2:      layout_basic, uniq_robin

Skill      XL: |  1  2  3 |
---------------+----------+-----
Maces & Flails | 3 |  3.6
Fighting       | 4 |  4.1
Shields        | 4 |  4.1
Armour         | |  3.2

Action                     |  1- 3 |  4- 6 || total
---------------------------+-------+-------++-------
  Melee: Flail             |   118 |    22 ||   140
    Use: Potion            |       |     2 ||     2
 Armour: Plate armour      |   128 |    43 ||   171
         Scale mail        |     4 |       ||     4
  Dodge: Dodged            |    35 |     8 ||    43
  Block: Buckler           |    28 |    14 ||    42

Table legend: (Time is in decaauts)
 A = Elapsed time spent in this place.
 B = Non-inter-level travel time spent in this place.
 C = Inter-level travel time spent in this place.
 D = Time resting spent in this place.
 E = Time spent auto-exploring this place.
 F = Levels seen in this place.
 G = Mean time per level.
                   A        B        C        D        E       F      G
               +--------+--------+--------+--------+--------+-----+--------+
         Total |   1271 |   1187 |     84 |     51 |    812 |   2 |  635.5 |
       Dungeon |   1271 |   1187 |     84 |     51 |    812 |   2 |  635.5 |
               +--------+--------+--------+--------+--------+-----+--------+

Top non-repeatable levels by time:
     D:2: 679 daAuts
     D:1: 592 daAuts
